 Dungeon Crawl Stone Soup version 0.28.0-53-g5a82cb258f (webtiles) character file.

Game seed: 11918256958878796151

4034 lilliandrift the Skirmisher (level 10, -3/77 (79) HPs)
             Began as a Demonspawn Gladiator on June 22, 2022.
             Was a Priest of Sif Muna.
             Succumbed to Grum's poison
             ... on level 8 of the Dungeon on June 23, 2022.
             The game lasted 00:49:30 (13115 turns).

lilliandrift the Skirmisher (Demonspawn Gladiator) Turns: 13115, Time: 00:49:30

HP:   -3/77 (79)    AC:  9    Str: 16    XL:     10   Next: 4%
MP:   2/10          EV: 15    Int: 11    God:    Sif Muna [***...]
Gold: 363           SH:  0    Dex: 20    Spells: 9/9 levels left

rFire   + . .      SeeInvis .   s - +8 dagger of Gluttony {distort, Dex+4}
rCold   x . .      Faith    .   (no shield)
rNeg    . . .      Spirit   +   F - +0 ring mail
rPois   .          Reflect  .   (helmet restricted)
rElec   .          Harm     .   L - +2 cloak
rCorr   .          Rampage  .   (no gloves)
Will    .....                   (no boots)
Stlth   +++.......              A - amulet of guardian spirit
HPRegen 0.22/turn               t - ring of fire
MPRegen 0.12/turn               I - +4 ring of slaying

@: lethally poisoned (-3 -> -45), lightly drained
A: antennae 2, demonic guardian 2, foul stench 1, sturdy frame 1
a: Renounce Religion, Channel Magic, Forget Spell


You were on level 8 of the Dungeon.
You worshipped Sif Muna.
Sif Muna was most pleased with you.
You visited 1 branch of the dungeon, and saw 8 of its levels.

You collected 363 gold pieces.

Inventory:

Hand Weapons
 a - a +0 trident
 g - a +2 vorpal spear
 s - the +8 dagger of Gluttony (weapon) {distort, Dex+4}
   (You found it on level 2 of the Dungeon)

   It warps and distorts space around it, and may blink, banish, or inflict
   extra damage upon those it strikes.
   Unwielding it can cause banishment or high damage.
   Dex:       It affects your dexterity (+4).
 y - a +0 hunting sling
 M - a +3 quarterstaff of chaos
 P - the +0 great sword "Jemmoshau" {venom, Dex+4 SInv}
   (You found it on level 7 of the Dungeon)

   It poisons the flesh of those it strikes.
   Dex:       It affects your dexterity (+4).
   SInv:      It lets you see invisible.
Missiles
 i - 2 large rocks
 w - 16 sling bullets
 O - 2 throwing nets
Armour
 b - a +0 leather armour
 c - a +0 helmet
 m - a +0 robe
 r - a +0 cloak
 F - a +0 ring mail (worn)
 L - a +2 cloak (worn)
Jewellery
 d - a ring of protection from fire
 t - a ring of fire (left hand)
 v - a ring of willpower
 A - an amulet of guardian spirit (around neck)
 I - a +4 ring of slaying (right hand)
Wands
 E - a wand of flame (24)
 K - a wand of iceblast (2)
Scrolls
 e - 2 scrolls of holy word {unknown}
 f - 3 scrolls of blinking
 h - a scroll of summoning {unknown}
 k - 3 scrolls of teleportation {unknown}
 l - a scroll of acquirement {unknown}
 n - 2 scrolls of immolation
 o - 4 scrolls of magic mapping {unknown}
 p - 2 scrolls of noise {unknown}
 u - a scroll of torment {unknown}
 B - 2 scrolls of amnesia {unknown}
 C - 5 scrolls of identify {unknown}
 D - 3 scrolls of fog {unknown}
 H - 2 scrolls of fear {unknown}
Potions
 j - a potion of lignification {unknown}
 q - 3 potions of curing {unknown}
 x - a potion of berserk rage {unknown}
 z - a potion of haste {unknown}
 G - a potion of attraction {unknown}
 N - a potion of heal wounds {unknown}


   Skills:
 * Level 7.5 Fighting
 + Level 5.4 Short Blades
 + Level 3.9 Polearms
 + Level 2.3 Throwing
 + Level 6.5 Armour
 + Level 5.8 Dodging
 + Level 4.3 Stealth


You had 9 spell levels left.
You didn't know any spells.
Your spell library was empty.

Dungeon Overview and Level Annotations

Branches:
Dungeon (8/15)             Temple (0/1) D:7
   Lair: D:8-11

Altars:
Elyvilon
Makhleb
Ru
Sif Muna
Trog
Uskayaw
Vehumet
Xom
The Shining One

Shops:
D:5 *

Annotations:
D:8 Grum, Maurice


Innate Abilities, Weirdness & Mutations

You have a pair of antennae on your head.
A demonic guardian rushes to your aid.
You may rarely emit foul miasma when damaged in melee.
Your movements are slightly less encumbered by armour. (ER -2)


Message History

The wolf is almost dead.
The wolf closely misses you. The wolf bites you but does no damage.
The wolf is engulfed in dark miasma.
The wolf is poisoned.
The wolf seems to slow down.
You kill the wolf!
Sif Muna accepts your kill. The wolf barely misses you.
Grum hits you from afar with a -1 spear of venom!
You are poisoned.
The centaur zombie hits you but does no damage.
The centaur zombie completely misses you.
The wolf barely misses you. The wolf closely misses you.
You hit the centaur zombie.
Space warps around the centaur zombie.
The centaur zombie is lightly damaged.
You feel very sick. The wolf bites you.
Grum hits you from afar with a -1 spear of venom!
A demonic guardian appears!
You are more poisoned.
The wolf barely misses you. The wolf bites you.
You emit a cloud of foul miasma!
The centaur zombie completely misses you.
The centaur zombie kicks you but does no damage.
You puncture Maurice!
Space warps around Maurice.
Maurice is heavily wounded.
You feel very sick. The wolf barely misses you. The wolf misses you.
The wolf is engulfed in dark miasma.
The wolf is poisoned.
The wolf bites you but does no damage.
Maurice hits you with a +3 dagger of draining!
* * * LOW HITPOINT WARNING * * *
Maurice steals your +4 shortbow!
You feel drained.
* * * LOW HITPOINT WARNING * * *
The wolf bites you but does no damage.
The centaur zombie hits you but does no damage.
The centaur zombie kicks you but does no damage.
Grum hits you from afar with a -1 spear of venom!
* * * LOW HITPOINT WARNING * * *
You are more poisoned.
You die...

#..#>##.#.
...#.[....
#.$#..#.# .
#..#....##.♣
###...........
..........#.#
#.4g$......#
#.☼hh......#
#.h.@......#
##Z@.....#.#
.........##
......#...##
..###..##### #
#..# #.## ..


You could see Maurice, Grum (ally target), 3 wolves, a centaur zombie and a
friendly hellwing (summoned).

Vanquished Creatures
  A cyclops (D:7)
  5 water moccasins
  An ice beast (D:6)
  An ogre (D:5)
  3 necrophages
  A wolf (D:8)
  2 centaurs
  A wyvern zombie (D:7)
  3 scorpions
  A water moccasin zombie (D:5)
  Dowan (D:4)
  A wyvern skeleton (D:7)
  A water moccasin skeleton (D:6)
  3 killer bees (D:7)
  5 howler monkeys (D:7)
  2 jellies
  A gnoll shaman (D:6)
  2 hounds
  Crazy Yiuf (D:6)
  3 orc priests
  A bullfrog skeleton (D:6)
  4 iguanas
  3 orc wizards
  8 gnolls
  2 howler monkey skeletons (D:7)
  7 adders
  A shadow imp (D:7)
  A white imp (D:7)
  3 ufetubi (D:6)
  3 worms
  2 dart slugs
  20 orcs
  5 bats
  9 endoplasms
  A giant cockroach (D:1)
  7 goblins
  6 hobgoblins
  2 jackals (D:4)
  7 kobolds
  4 quokkas
  5 ball pythons
  4 frilled lizards
  5 rats
149 creatures vanquished.

Vanquished Creatures (collateral kills)
  A boulder beetle (D:7)
  Duvessa (D:4)
  A centaur (D:6)
  A scorpion (D:6)
  An orc wizard (D:5)
  An orc (D:5)
  A ball python (D:1)
7 creatures vanquished.

Grand Total: 156 creatures vanquished

Notes
Turn   | Place    | Note
-------+----------+-------------------------------------------
     0 | D:1      | lilliandrift the Demonspawn Gladiator began the quest for
                  | the Orb.
     0 | D:1      | Reached XP level 1. HP: 16/16 MP: 1/1
   489 | D:1      | Gained mutation: A weak demonic guardian rushes to your
                  | aid. [demonic ancestry]
   489 | D:1      | Reached XP level 2. HP: 13/22 MP: 2/2
  1785 | D:2      | Found a faded altar of an unknown god.
  1926 | D:2      | Gained mutation: You may rarely emit foul miasma when
                  | damaged in melee. [demonic ancestry]
  1926 | D:2      | Reached XP level 3. HP: 27/27 MP: 3/3
  1941 | D:2      | Prayed at the altar of an unknown god.
  1941 | D:2      | Became a worshipper of Sif Muna the Loreminder
  1941 | D:2      | Reached * piety under Sif Muna
  2601 | D:2      | Reached skill level 1 in Stealth
  2867 | D:2      | Identified the +8 dagger of Gluttony {distort, Dex+4}
  3415 | D:3      | Reached skill level 1 in Armour
  3633 | D:3      | Noticed a water moccasin
  3642 | D:3      | Killed a water moccasin
  3643 | D:3      | Gained mutation: You have a pair of small antennae on your
                  | head. [demonic ancestry]
  3643 | D:3      | Reached XP level 4. HP: 20/34 MP: 4/4
  3643 | D:3      | Reached XP level 5. HP: 23/39 MP: 5/5
  4723 | D:3      | Gained mutation: A demonic guardian rushes to your aid.
                  | [demonic ancestry]
  4723 | D:3      | Reached XP level 6. HP: 34/46 MP: 6/6
  5429 | D:4      | Reached skill level 3 in Fighting
  5742 | D:4      | Reached ** piety under Sif Muna
  6003 | D:4      | Noticed Dowan
  6004 | D:4      | Noticed Duvessa
  6017 | D:4      | Killed Dowan
  6018 | D:4      | Reached skill level 1 in Short Blades
  6025 | D:4      | Killed Duvessa
  6026 | D:4      | Reached XP level 7. HP: 17/52 MP: 7/7
  7091 | D:5      | Entered Level 5 of the Dungeon
  7626 | D:5      | Found Yjega's Elemental Accessories.
  7668 | D:5      | Found a radiant altar of Vehumet.
  7793 | D:5      | Reached skill level 4 in Fighting
  8244 | D:5      | Gained mutation: You have a pair of antennae on your head.
                  | [demonic ancestry]
  8244 | D:5      | Reached XP level 8. HP: 22/61 MP: 8/8
  9210 | D:6      | Found a runed translucent door.
  9211 | D:6      | Noticed Crazy Yiuf
  9597 | D:6      | Reached skill level 5 in Fighting
  9957 | D:6      | Found a burning altar of Makhleb.
  9958 | D:6      | Found a bloodstained altar of Trog.
  9970 | D:6      | Found a hide-covered altar of Uskayaw.
 10047 | D:6      | Reached skill level 5 in Armour
 10047 | D:6      | Reached XP level 9. HP: 68/69 MP: 9/9
 10278 | D:6      | Killed Crazy Yiuf
 10536 | D:7      | Reached skill level 5 in Dodging
 10550 | D:7      | Reached skill level 6 in Fighting
 10586 | D:7      | Noticed a boulder beetle
 10629 | D:7      | Killed a boulder beetle
 10771 | D:7      | Noticed a cyclops
 11210 | D:7      | Found a staircase to the Ecumenical Temple.
 11291 | D:7      | Reached skill level 5 in Short Blades
 11308 | D:7      | Reached *** piety under Sif Muna
 11741 | D:7      | Reached skill level 7 in Fighting
 12043 | D:7      | Killed a cyclops
 12351 | D:7      | Identified the +0 great sword "Jemmoshau" {venom, Dex+4
                  | SInv}
 12600 | D:7      | Gained mutation: Your movements are slightly less
                  | encumbered by armour. (ER -2) [demonic ancestry]
 12600 | D:7      | Reached XP level 10. HP: 71/79 MP: 10/10
 12732 | D:7      | Found a sacrificial altar of Ru.
 12747 | D:7      | Found a shimmering altar of Xom.
 13106 | D:8      | Noticed Grum
 13106 | D:8      | Noticed Maurice
 13115 | D:8      | Succumbed to Grum's poison

Illustrated notes

Levels and vault maps discovered:
D:1:      amcnicky_arrival_flooded_fountain, layout_loops_ring
D:2:      layout_basic, hellmonk_ecumenical_altar_blasted, lemuel_flame_loot_1
D:3:      layout_basic, cheibrodos_sewer_entry_bend
D:4:      layout_gridville, uniq_duvessa
D:5:      wander_river, layout_cave_pools, kennysheep_little_box,
          nicolae_vehumet_radiance, grunt_decor_resistance,
          nicolae_elemental_shop
D:6:      layout_rooms, nicolae_overflow_quartered_altars, minmay_circle_x,
          uniq_crazy_yiuf_cottage
D:7:      nzn_winding_woodlands_three_and_one
          [nzn_winding_woodlands_5x15_longhouse,
          nzn_winding_woodlands_5x15_default,
          nzn_winding_woodlands_5x15_crooked,
          nzn_winding_woodlands_center_diamonds], layout_rooms,
          mainiacjoe_overflow_swirl, temple_hall_moat
D:8:      layout_loops_ring, mainiacjoe_overflow_cross_hatched,
          mainiacjoe_overflow_tiny_flanked, uniq_grum, uniq_maurice

Skill      XL: |  1  2  3  4  5  6  7  8  9 |
---------------+----------------------------+-----
Dodging        | 3 4 5 |  5.8
Polearms       | 3 |  3.9
Throwing       | 2 |  2.3
Stealth        | 1 2 3 4 |  4.3
Armour         | 2 3 5 6 |  6.5
Fighting       | 3 4 5 7 |  7.5
Short Blades   | 1 3 4 5 |  5.4

Action                   |  1- 3 |  4- 6 |  7- 9 | 10-12 || total
-------------------------+-------+-------+-------+-------++-------
Melee: Trident           |    66 |       |       |       ||    66
       Spear             |    34 |       |       |       ||    34
       Dagger            |    14 |    77 |   213 |     7 ||   311
       Punch             |       |       |     3 |       ||     3
Throw: Throwing net      |     2 |     1 |     3 |       ||     6
  Use: Scroll            |       |       |     1 |       ||     1
       Potion            |       |       |     1 |       ||     1
 Stab: Sleeping          |     1 |     1 |     2 |       ||     4
       Distracted        |     1 |       |       |       ||     1
Armor: Leather armour    |    36 |    14 |    13 |       ||    63
       Ring mail         |       |       |    31 |     8 ||    39
Dodge: Dodged            |    75 |    37 |   115 |    20 ||   247
